 Dungeon Crawl Stone Soup version 0.29.1-4-g47bece8355 (webtiles) character file.

Game seed: 7741533204802875170

104 safid the Shooter (level 4, 0/41 HPs)
             Began as a Minotaur Hunter on Dec 6, 2022.
             Slain by a kobold brigand
             ... wielding a +0 short sword
              (4 damage)
             ... in a sewer.
             The game lasted 00:02:12 (1620 turns).

safid the Shooter (Minotaur Hunter)                 Turns: 1620, Time: 00:02:14

Health: 0/41       AC:  3    Str: 16    XL:     4   Next: 52%
Magic:  3/3        EV: 12    Int:  6    God:
Gold:   89         SH:  0    Dex: 15    Spells: 3/3 levels left

rFire   . . .      SeeInvis +   a - +0 shortbow
rCold   . . .      Faith    .   (shield currently unavailable)
rNeg    . . .      Spirit   .   c - +0 leather armour
rPois   .          Reflect  .   (helmet restricted)
rElec   .          Harm     .   (no cloak)
rCorr   .          Rampage  .   (no gloves)
Will    .....                   (no boots)
Stlth   +.........              (no amulet)
HPRegen 0.13/turn               g - ring of see invisible
MPRegen 0.08/turn               (no ring)

@: confused, lethally poisoned (0 -> -9), ambrosia-drunk, hasted and slowed
A: horns 2, retaliatory headbutt
a: no special abilities


You were in a sewer.
You visited 1 branch of the dungeon, and saw 3 of its levels.
You also visited: Sewer.

You collected 89 gold pieces.

Inventory:

Hand Weapons
 a - a +0 shortbow (weapon)
Armour
 c - a +0 leather armour (worn)
Jewellery
 g - a ring of see invisible (left hand)
 h - a ring of poison resistance
Scrolls
 b - a scroll of immolation
 e - a scroll of poison {unknown}
 i - a scroll of magic mapping {unknown}
 j - a scroll of noise {unknown}
 k - 2 scrolls of identify {unknown}
 l - 2 scrolls of teleportation {unknown}
 m - a scroll of vulnerability {unknown}
Potions
 d - a potion of heal wounds


   Skills:
 + Level 4.4 Fighting
 + Level 5.6 Ranged Weapons
 - Level 2.1 Dodging
 - Level 0.7 Stealth


You had 3 spell levels left.
You didn't know any spells.
Your spell library was empty.

Dungeon Overview and Level Annotations

Branches:
Dungeon (3/15)              Sewer (1/1)

Altars:
Fedhas


Innate Abilities, Weirdness & Mutations

You have a pair of horns on your head.
You reflexively headbutt those who attack you in melee.


Message History

You are too injured to fight recklessly!
Unknown command.
You are too injured to fight recklessly!
It was a potion of heal wounds.
You feel much better.
You feel extremely sick.
Unknown command.
Fire: a) +0 shortbow
Press: ? - help, Q - select action Shift-Dir - straight line, f - kobold brigand
Aim: a kobold brigand, wielding a +0 short sword and quivering curare-tipped darts (56% to hit)
You shoot an arrow.
The arrow hits the kobold brigand but does no damage.
You feel very sick.
The kobold brigand throws a curare-tipped dart.
The curare-tipped dart hits you.
You are lethally poisoned!
You have difficulty breathing.
You feel as though you will be slow longer.
Unknown command.
Fire: a) +0 shortbow
Press: ? - help, Q - select action Shift-Dir - straight line, f/p - kobold brigand
Aim: a kobold brigand, wielding a +0 short sword and quivering curare-tipped darts (56% to hit)
You shoot an arrow.
The arrow barely misses the kobold brigand.
You feel extremely sick.
The kobold brigand throws a curare-tipped dart.
The curare-tipped dart barely misses you.
The curare-tipped dart hits the plant.
Unknown command.
It was a potion of haste.
You feel yourself speed up.
* * * LOW HITPOINT WARNING * * *
You feel very sick.
The kobold brigand hits you with a +0 short sword.
* * * LOW HITPOINT WARNING * * *
It was a potion of ambrosia.
You are confused.
You feel invigorated.
* * * LOW HITPOINT WARNING * * *
You feel very sick.
The kobold brigand hits you with a +0 short sword.
You die...

~~~≈~#......#
~~≈~#......#
#~≈~#......#
#~~~#~~....#
#~≈~#~~...#
#~≈~~~P...##
#~≈~†~~....#
#~≈~#~...###
#~≈~#.@..#
#~~~##K'##
#~≈~#....#
#~≈~#..?!#
#~≈~#.∩..#
#~≈~#.[..#
#~≈~######
#~~~'...#
#~≈~#.∩∩#


You could see a kobold brigand.

Vanquished Creatures
  Terence (D:3)
  2 adders
  A worm (D:2)
  2 dart slugs
  A bat (D:3)
  4 endoplasms
  4 giant cockroaches
  6 hobgoblins
  7 jackals
  2 quokkas
  3 ball pythons (D:2)
  6 frilled lizards
  2 goblins (D:1)
  6 kobolds
  2 rats
49 creatures vanquished.

Notes
Turn   | Place    | Note
-------+----------+-------------------------------------------
     0 | D:1      | safid the Minotaur Hunter began the quest for the Orb.
     0 | D:1      | Reached XP level 1. HP: 18/18 MP: 0/0
   308 | D:1      | Reached XP level 2. HP: 26/26 MP: 1/1
   748 | D:2      | Reached skill level 5 in Ranged Weapons
   748 | D:2      | Reached XP level 3. HP: 31/31 MP: 2/2
  1011 | D:2      | Found a faded altar of an unknown god.
  1205 | D:2      | Found a blossoming altar of Fedhas.
  1400 | D:3      | Noticed Terence
  1412 | D:3      | Killed Terence
  1413 | D:3      | Reached XP level 4. HP: 16/40 MP: 3/3
  1511 | D:3      | Found a glowing drain.
  1520 | Sewer    | Entered a sewer
  1614 | Sewer    | Noticed a kobold brigand
  1620 | Sewer    | Slain by a kobold brigand

Illustrated notes

Levels and vault maps discovered:
D:1:      dpeg_arrival_windows_large_door, layout_basic
D:2:      layout_rooms, shapermc_ecumenical_altar_totnotflames, basic_altar,
          minmay_indecisive_spiral
D:3:      layout_basic, gammafunk_temple_overflow_elements,
          portal_sewer_entry_d, uniq_terence, uniq_robin
Sewer:    kennysheep_pipe_town

Skill      XL: |  1  2  3 |
---------------+----------+-----
Fighting       | 3 4 |  4.4
Ranged Weapons | 5 |  5.6
Dodging        | |  2.1
Stealth        | |  0.7

Action                   |  1- 3 |  4- 6 || total
-------------------------+-------+-------++-------
 Fire: Shortbow          |   102 |    14 ||   116
  Use: Potion            |       |     3 ||     3
Armor: Leather armour    |     3 |     4 ||     7
Dodge: Dodged            |    30 |     4 ||    34
